cohdb
Replays
Latest Replays
All Replays
Popular Replays
Top Player Replays
Match Explorer
How It Works
Community
CoH3 Stats
Reddit
Sign in to upload your games and track your stats! →
Sign in with Steam
Match 47083303
Unlisted
Match 47083303
Overview
Messages
Build Orders
End
Pioneer Squad
Pioneer Squad
Construct Infanterie Kompanie
Grenadier Squad
Grenadier Squad
Medical Station
Construct Luftwaffe Kompanie
Jäger Squad
Luftwaffe Officer Quarters
Jäger Squad
Support Elements
Be Frabjous
SirFrancisBacon
0
0
Comments
sign in to comment!
No comments posted yet!